 Dungeon Crawl Stone Soup version 0.31-a0-986-g5e6e4ef867 (webtiles) character file.

Game seed: 14230479397460115755

134 wildpjah the Shooter (level 5, 0/38 HPs)
             Began as a Barachi Hexslinger on Nov 22, 2023.
             Slain by an orc
             ... wielding a +0 mace
              (7 damage)
             ... on level 3 of the Dungeon.
             The game lasted 00:04:22 (1801 turns).

wildpjah the Shooter (Barachi Hexslinger)           Turns: 1801, Time: 00:04:23

Health: 0/38       AC:  2    Str: 10    XL:     5   Next: 17%
Magic:  7/7        EV: 13    Int: 13    God:
Gold:   150        SH:  0    Dex: 16    Spells: 5/7 levels left

rFire   . . .        a - +1 sling
rCold   . . .        (no shield)
rNeg    . . .        c - +0 robe
rPois   .            (no helmet)
rElec   .            (no cloak)
rCorr   .            (no gloves)
SInv    +            (no boots)
Will    .....        (no amulet)
Stlth   +            i - ring of see invisible
HPRegen 0.26/turn    (no ring)
MPRegen 0.10/turn

%: no passive effects
@: slow
A: amphibious, slowness 1, strong legs 1, +LOS
a: Hop


You were on level 3 of the Dungeon.
You visited 1 branch of the dungeon, and saw 3 of its levels.

You collected 150 gold pieces.

Inventory:

Hand Weapons
 a - a +1 sling (weapon)
Armour
 c - a +0 robe (worn)
Jewellery
 i - a ring of see invisible (left hand)
 k - a +6 ring of strength
 l - an amulet of guardian spirit
Talismans
 f - a talisman of death
Scrolls
 b - a scroll of poison
 d - a scroll of vulnerability
 e - a scroll of enchant weapon
 g - a scroll of identify
 h - a scroll of teleportation
Potions
 j - a potion of brilliance {unknown}


   Skills:
 + Level 1.8 Fighting
 + Level 4.3 Ranged Weapons
 + Level 2.8 Dodging
 + Level 1.5 Spellcasting
 + Level 3.5 Hexes
 + Level 1.1 Fire Magic


You had 5 spell levels left.
You knew the following spells:

 Your Spells              Type           Power      Damage    Failure   Level
a - Jinxbite              Hex            20%        N/A       10%         2

Your spell library contained the following spells:

 Spells                   Type           Power      Damage    Failure   Level
 Sigil of Binding         Hex            10%        N/A       19%         3
 Magic Dart               Conj           0%         1d3       26%         1
 Inner Flame              Hex/Fire       7%         N/A       30%         3
 Searing Ray              Conj           0%         2d4       38%         2
 Cause Fear               Hex            5%         N/A       52%         4
 Dimensional Bullseye     Hex/Tloc       2%         N/A       78%         4
 Fulminant Prism          Conj/Hex       2%         3d5       78%         4


Dungeon Overview and Level Annotations

Branches:
Dungeon (3/15)

Altars:
Qazlal


Innate Abilities, Weirdness & Mutations

You are amphibious.
You cover ground slowly.
You can hop short distances.
You have an extended range of vision and can be seen from far away.


Message History

The orc closely misses you. The orc priest hits you with a +0 mace.
Fire: a) +1 sling
Press: ? - help, Q - select action, (/) - cycle Shift-Dir - straight line, f/p - orc priest
Aim: an orc priest, wielding a +0 mace (almost dead, 60% to hit)
You shoot a sling bullet. The sling bullet hits the orc priest.
You kill the orc priest!
The orc hits you with a +0 short sword.
* * * LOW HITPOINT WARNING * * *
You have reached level 5!
You shoot a sling bullet. The sling bullet barely misses the orc.
The orc closely misses you. The orc barely misses you.
The orc hits you with a +0 short sword.
* * * LOW HITPOINT WARNING * * *
The orc closely misses you.
You shoot a sling bullet.
The sling bullet hits the orc but does no damage.
The orc is moderately wounded.
The orc barely misses you. The orc misses you.
You shoot a sling bullet. The sling bullet barely misses the orc.
The orc hits you but does no damage. The orc closely misses you.
You shoot a sling bullet. The sling bullet barely misses the orc.
The orc hits you with a +0 short sword.
* * * LOW HITPOINT WARNING * * *
The orc barely misses you.
You shoot a sling bullet.
The sling bullet hits the orc but does no damage.
The orc is lightly wounded.
The orc barely misses you. x2
You shoot a sling bullet. The sling bullet hits the orc.
The orc is moderately wounded.
The orc hits you with a +0 short sword.
* * * LOW HITPOINT WARNING * * *
The orc closely misses you. x2
You shoot a sling bullet.
The sling bullet hits the orc but does no damage.
The orc is moderately wounded.
The orc hits you with a +0 mace.
* * * LOW HITPOINT WARNING * * *
The orc barely misses you. The orc hits you with a +0 mace!
You die...

### ##'### #....######
#.........# ##.........#
#..........#
#..........#
#.o.#......#
#.#@#......###
#.#o###......######
..!........+......'....+
.......#.###......######
.......#.# #......#
.#.......###......#
##.#.##.......####
...#..).......#
................#


You could see 2 orcs.

Vanquished Creatures
  An orc priest (D:3)
  4 adders
  A worm (D:2)
  4 dart slugs
  6 orcs (D:3)
  3 bats
  4 endoplasms
  2 giant cockroaches
  5 goblins
  4 hobgoblins
  2 quokkas (D:2)
  5 ball pythons
  A frilled lizard (D:2)
  7 kobolds
  A rat (D:1)
50 creatures vanquished.

Notes
Turn   | Place    | Note
-------+----------+-------------------------------------------
     0 | D:1      | wildpjah the Barachi Hexslinger began the quest for the
                  | Orb.
     0 | D:1      | Reached XP level 1. HP: 15/15 MP: 2/2
   145 | D:1      | Reached XP level 2. HP: 21/21 MP: 4/4
   154 | D:1      | Learned a level 2 spell: Jinxbite
   391 | D:1      | You fall into a shaft and drop 1 floor!
   417 | D:2      | Reached XP level 3. HP: 26/26 MP: 5/5
   448 | D:2      | Reached skill level 3 in Ranged Weapons
   776 | D:2      | Reached XP level 4. HP: 12/32 MP: 6/6
  1498 | D:3      | Found a stormy altar of Qazlal.
  1744 | D:3      | Reached skill level 4 in Ranged Weapons
  1795 | D:3      | Reached XP level 5. HP: 11/38 MP: 7/7
  1801 | D:3      | Slain by an orc

Illustrated notes

Levels and vault maps discovered:
D:1:      minmay_arrival_four_loops, layout_basic
D:2:      layout_rooms
D:3:      minmay_razor_zed, layout_basic, nicolae_qazlal_scattered_showers,
          nicolae_hepliaklqana_monster_ancestors, minmay_misc_feat_plants,
          corexii_leaking_fountain

Skill      XL: |  1  2  3  4 |
---------------+-------------+-----
Ranged Weapons | 3 4 |  4.3
Fighting       | |  1.8
Dodging        | |  2.8
Spellcasting   | |  1.5
Hexes          | |  3.5
Fire Magic     | |  1.1

Action                     |  1- 3 |  4- 6 || total
---------------------------+-------+-------++-------
   Fire: Sling             |   118 |    69 ||   187
    Use: Potion            |     1 |       ||     1
         Scroll            |       |     3 ||     3
 Armour: Robe              |    39 |    21 ||    60
  Dodge: Dodged            |    52 |    36 ||    88

Table legend: (Time is in decaauts)
 A = Elapsed time spent in this place.
 B = Non-inter-level travel time spent in this place.
 C = Inter-level travel time spent in this place.
 D = Time resting spent in this place.
 E = Time spent auto-exploring this place.
 F = Levels seen in this place.
 G = Mean time per level.
                   A        B        C        D        E       F      G
               +--------+--------+--------+--------+--------+-----+--------+
         Total |   2089 |   2004 |     85 |    282 |   1361 |   3 |  696.3 |
       Dungeon |   2089 |   2004 |     85 |    282 |   1361 |   3 |  696.3 |
               +--------+--------+--------+--------+--------+-----+--------+

Top non-repeatable levels by time:
     D:1: 891 daAuts
     D:2: 746 daAuts
     D:3: 450 daAuts
